Map: Lightshade LE

Players

Rob

  • Race: Protoss Protoss

DisK - Winner!

  • Race: Protoss Protoss

Event: DreamHack SC2 Masters 2021 Fall

VOD

Have the link to the VOD?

Description

Time

  • Played on: Aug. 8, 2021, 4:29 p.m.
  • Length: 11:07

All games in this series

Show
View Real Time Build Order
Export as new Build Order

Rob Protoss 

Build Orders:  

Get SALT Encoding   

  12  0:00  Probe  
  13  0:12  Probe  
  14  0:19  Pylon  
  14  0:24  Probe  
  15  0:37  Probe (Chrono Boost)  
  15  0:38  Gateway  
  16  0:46  Probe (Chrono Boost)  
  16  0:49  Assimilator  
  17  0:52  Probe  
  17  0:55  Assimilator  
  19  1:04  Probe (Chrono Boost)  
  19  1:08  Gateway  
  19  1:15  Probe (Chrono Boost)  
  20  1:19  Probe (Chrono Boost)  
  21  1:26  Cybernetics Core  
  21  1:30  Probe  
  22  1:36  Pylon  
  22  1:42  Probe  
  24  2:02  Stalker x2  
  24  2:06  Warp Gate  
  27  2:12  Pylon  
  27  2:24  Pylon  
  27  2:49  Sentry x2  
  27  2:50  Probe  
  32  2:51  Nexus  
  32  2:55  Shield Battery  
  32  3:02  Probe (Chrono Boost)  
  33  3:06  Shield Battery  
  33  3:11  Probe (Chrono Boost)  
  34  3:16  Sentry, Probe  
  37  3:22  Pylon  
  37  3:24  Stalker (Chrono Boost)  
  39  3:34  Shield Battery  
  39  3:41  Shield Battery  
  39  3:45  Probe  
  40  3:53  Stalker  
  42  3:57  Probe  
  42  4:02  Shield Battery  
  43  4:06  Stalker  
  43  4:09  Probe  
  45  4:18  Twilight Council  
  45  4:20  Probe (Chrono Boost)  
  45  4:22  Probe (Chrono Boost)  
  47  4:26  Forge  
  48  4:32  Probe (Chrono Boost)  
  48  4:35  Probe (Chrono Boost)  
  49  4:38  Probe (Chrono Boost)  
  49  4:40  Probe (Chrono Boost)  
  49  4:44  Blink (Chrono Boost)  
  51  4:46  Probe  
  51  4:50  Probe  
  51  4:52  Protoss Ground Weapons Level 1 (Chrono Boost)  
  53  5:00  Shield Battery  
  53  5:02  Probe  
  53  5:03  Probe  
  55  5:07  Stalker  
  55  5:12  Pylon  
  57  5:14  Probe  
  57  5:15  Probe  
  59  5:25  Pylon  
  59  5:26  Probe  
  59  5:27  Assimilator  
  59  5:28  Stalker  
  62  5:31  Stalker  
  62  5:33  Shield Battery  
  64  5:38  Probe  
  65  5:45  Pylon  
  65  5:47  Nexus  
  65  5:50  Probe  
  65  5:51  Probe  
  64  6:05  Pylon  
  64  6:09  Stalker  
  64  6:10  Probe x2  
  64  6:19  Stalker  
  64  6:22  Probe x2  
  68  6:28  Robotics Facility  
  68  6:31  Dark Shrine  
  68  6:34  Probe x2  
  68  6:36  Stalker  
  72  6:46  Adept, Probe  
  74  6:53  Probe  
  74  6:58  Probe  
  74  7:00  Probe  
  75  7:06  Probe  
  76  7:10  Probe  
  76  7:12  Stalker x2, Probe  
  82  7:18  Protoss Ground Weapons Level 2 (Chrono Boost), Probe, Warp Prism (Chrono Boost)  
  86  7:22  Probe  
  86  7:24  Probe  
  87  7:30  Probe  
  87  7:32  Pylon  
  87  7:35  Probe  
  87  7:36  Probe  
  90  7:38  Stalker x2  
  94  7:48  Gateway  
  94  7:49  Gateway  
  94  7:53  Gateway  
  94  7:57  Observer, Probe x3  
  98  8:02  Assimilator  
  98  8:07  Shield Battery, Robotics Bay  
  98  8:15  Dark Templar, Sentry  
  94  8:38  Dark Templar  
  77  8:45  Stalker x2  
  64  8:50  Dark Templar x2  
  68  8:57  Probe x2, Immortal (Chrono Boost)  
  75  9:10  Stalker x2, Probe  
  79  9:18  Stalker  
  79  9:20  Shield Battery  
  81  9:27  Archon  
  81  9:30  Stalker  
  81  9:31  Stalker  
  81  9:45  Nexus  
  81  9:47  Pylon  
  81  9:48  Dark Templar  
  81  9:49  Zealot x2  
  87  9:55  Disruptor (Chrono Boost)  
  87  9:58  Photon Cannon  
  88  10:05  Shield Battery  
  88  10:06  Shield Battery, Zealot  
  88  10:07  Sentry  
  90  10:15  Dark Templar  
  90  10:17  Zealot  
  94  10:23  Stalker  
  91  10:30  Zealot  
  91  10:33  Stalker  
  82  10:44  Stalker  
  82  10:45  Probe  
  82  10:46  Probe  
  82  10:51  Dark Templar  
  82  10:54  Stalker, Zealot  
  70  10:58  Zealot  
Show
View Real Time Build Order
Export as new Build Order

DisK Protoss - Winner!

Build Orders:  

Get SALT Encoding   

  12  0:00  Probe  
  13  0:12  Probe  
  14  0:17  Pylon  
  14  0:24  Probe  
  15  0:35  Gateway  
  15  0:36  Probe (Chrono Boost)  
  16  0:45  Probe (Chrono Boost)  
  16  0:46  Assimilator  
  17  0:51  Probe (Chrono Boost)  
  17  0:54  Assimilator  
  18  1:03  Probe (Chrono Boost)  
  19  1:08  Gateway  
  20  1:12  Probe (Chrono Boost)  
  20  1:17  Probe (Chrono Boost)  
  20  1:24  Cybernetics Core  
  21  1:29  Probe  
  22  1:34  Pylon  
  22  1:41  Probe  
  23  1:53  Probe  
  24  1:59  Warp Gate (Chrono Boost)  
  24  2:01  Adept x2  
  28  2:05  Probe  
  29  2:09  Pylon  
  30  2:24  Pylon  
  29  2:31  Adept x2  
  33  2:51  Nexus  
  33  3:02  Adept x2  
  37  3:12  Shield Battery  
  37  3:15  Probe  
  38  3:25  Shield Battery  
  38  3:28  Robotics Facility  
  38  3:34  Pylon  
  38  3:41  Probe  
  39  3:51  Shield Battery  
  39  3:54  Sentry x2  
  43  3:57  Probe  
  43  4:17  Probe (Chrono Boost)  
  43  4:18  Immortal  
  43  4:20  Probe (Chrono Boost)  
  46  4:28  Forge, Probe (Chrono Boost)  
  46  4:30  Probe (Chrono Boost)  
  48  4:34  Probe (Chrono Boost)  
  48  4:36  Probe (Chrono Boost)  
  50  4:41  Probe  
  50  4:42  Sentry x2, Stalker x2  
  55  4:48  Probe  
  56  4:56  Protoss Ground Weapons Level 1, Pylon, Probe  
  57  5:04  Observer  
  57  5:05  Probe  
  59  5:07  Assimilator  
  59  5:08  Probe  
  59  5:10  Twilight Council  
  60  5:17  Probe  
  60  5:21  Probe  
  62  5:27  Pylon  
  62  5:29  Probe  
  62  5:31  Immortal  
  62  5:33  Probe  
  68  5:40  Gateway x2  
  68  5:56  Nexus  
  68  5:59  Pylon  
  68  6:08  Probe  
  68  6:11  Blink (Chrono Boost)  
  67  6:15  Stalker x2  
  67  6:17  Probe  
  68  6:19  Shield Battery  
  68  6:20  Probe  
  69  6:26  Gateway  
  69  6:28  Gateway  
  69  6:31  Pylon  
  69  6:36  Stalker  
  71  6:41  Stalker  
  71  6:44  Probe  
  74  6:58  Stalker x2  
  78  7:02  Stalker  
  78  7:07  Stalker  
  74  7:12  Warp Prism  
  73  7:18  Probe x2  
  73  7:19  Observer, Probe  
  73  7:20  Stalker  
  73  7:21  Stalker x2  
  82  7:30  Probe  
  82  7:33  Gateway  
  82  7:36  Gateway  
  83  7:41  Stalker  
  85  7:44  Stalker  
  85  7:48  Stalker  
  89  7:53  Stalker  
  89  7:55  Stalker  
  93  7:59  Stalker  
  93  8:04  Pylon  
  95  8:12  Stalker  
  95  8:13  Stalker x2  
  95  8:17  Stalker  
  95  8:19  Stalker  
  99  8:28  Observer  
  99  8:30  Stalker x3  
  101  8:40  Stalker x4  
  99  8:47  Observer (Chrono Boost)  
  90  9:01  Zealot x2  
  94  9:04  Probe x2  
  91  9:29  Probe x2  
  91  9:30  Probe  
  90  9:42  Probe x3 (Chrono Boost)  
  90  9:43  Pylon  
  93  9:50  Pylon  
  94  9:54  Probe x3 (Chrono Boost)  
  96  10:00  Probe x2 (Chrono Boost)  
  96  10:01  Probe (Chrono Boost)  
  96  10:05  Assimilator, Stalker x3  
  105  10:08  Pylon  
  105  10:12  Photon Cannon  
  105  10:14  Probe x3  
  105  10:18  Stalker x2  
  108  10:34  Stalker  
  108  10:37  Observer  
  108  10:38  Zealot x4  
  108  10:39  Zealot  
  116  10:53  Stalker  
  116  10:54  Stalker  

Tags
 
Add a new tag
Caveats
  • Supply blocks, unpowered buildings, or Contaminate may cause inaccurate times.
  • Supply counts are checked every 10 seconds.